 Dungeon Crawl Stone Soup version 0.21-a0-404-g291f19a (webtiles) character file.

83 Klosterheim the Skirmisher (level 4, 0/37 HPs)
             Began as a Formicid Abyssal Knight on Oct 29, 2017.
             Was a Believer of Lugonu.
             Succumbed to a scorpion's poison
             ... on level 2 of the Dungeon.
             The game lasted 00:02:49 (2001 turns).

Klosterheim the Skirmisher (FoAK)                   Turns: 2001, Time: 00:02:49

Health: 0/37       AC:  6    Str: 18    XL:     4   Next: 71%
Magic:  5/5        EV: 11    Int: 11    God:    Lugonu [**....]
Gold:   99         SH:  0    Dex: 10    Spells: 3/3 levels left

rFire    . . .     SeeInvis +   a - +1 mace
rCold    . . .     Gourm    .   (no shield)
rNeg     . . .     Faith    .   b - +0 leather armour
rPois    .         Spirit   .   (helmet unavailable)
rElec    .         Reflect  .   (no cloak)
rCorr    .         Harm     .   (no gloves)
MR       .....                  d - +2 pair of boots
Stlth    +.........             (no amulet)
HPRegen  0.12/turn              (no ring)
MPRegen  0.09/turn              (no ring)

@: lethally poisoned (0 -> -8), drained
A: permanent stasis, dig shafts and tunnels, four strong arms, antennae 3
a: Dig, Shaft Self, Depart the Abyss, Bend Space, Renounce Religion


You were on level 2 of the Dungeon.
You worshipped Lugonu.
Lugonu was pleased with you.
You were not hungry.

You visited 1 branch of the dungeon, and saw 2 of its levels.
You visited the Abyss 1 time.

You collected 99 gold pieces.

Inventory:

Hand Weapons
 a - a +1 mace (weapon)
Armour
 b - a +0 leather armour (worn)
 d - a +2 pair of boots (worn)
Scrolls
 e - a scroll of teleportation {unknown}
 f - a scroll of fog {unknown}
 g - 3 scrolls of identify {unknown}
 h - a scroll of remove curse {unknown}
 n - a scroll of enchant armour {unknown}
Comestibles
 c - 4 bread rations
 i - 3 chunks of flesh
 j - 4 fruits
 m - a meat ration


   Skills:
 + Level 4.0(3.7) Fighting
 * Level 3.4(3.2) Maces & Flails
 + Level 3.0(2.7) Armour
 - Level 0.8(0.6) Dodging
 - Level 2.2(2.0) Invocations


You had 3 spell levels left.
You didn't know any spells.

Dungeon Overview and Level Annotations

Branches:
Dungeon (2/15)

Altars:


Innate Abilities, Weirdness & Mutations

You cannot be hasted, slowed, berserked, paralysed or teleported.
You can dig through walls and to a lower floor.
Your four strong arms can wield two-handed weapons with a shield.
You have a pair of large antennae on your head. (SInv)


Message History

You feel sick. The bat misses you.
You feel sick.
You feel sick. The bat hits you.
You feel sick. The bat hits you.
* * * LOW HITPOINT WARNING * * *
The scorpion completely misses you.
* * * LOW HITPOINT WARNING * * *
You feel sick.
* * * LOW HITPOINT WARNING * * *
You feel sick. The bat barely misses you. The bat closely misses you.
It was a potion of magic.
Magic courses through your body.
* * * LOW HITPOINT WARNING * * *
You feel sick. The bat closely misses you.
It was a potion of cancellation.
You feel magically purged.
* * * LOW HITPOINT WARNING * * *
You feel sick. The bat closely misses you. The scorpion stings you.
* * * LOW HITPOINT WARNING * * *
You aren't carrying any potions.
You aren't carrying any potions.
You die...

##. #.... #... . #...
#### .# #... ##..##
..# #####..###....##
..
.......##..bs..##)#
#......@......#
#..#######.#.##...
#♣P)♣# #.†......
♣.P..♣............#
♣♣♣..♣.♣####.......(#
♣...♣♣♣.............#
♣P.♣♣♣######........#
♣♣..♣ . ###...##.#
♣.PP♣ .## ><.# .#


You could see a scorpion and a bat.

Vanquished Creatures
  3 adders (D:2)
  A ball python (D:1)
  8 bats
  3 giant cockroaches (D:1)
  4 goblins
  14 hobgoblins
  2 quokkas (D:2)
  2 frilled lizards
  3 kobolds
  11 rats
  A bush (D:2)
52 creatures vanquished.

Notes
Turn   | Place    | Note
-------+----------+-------------------------------------------
     0 | Abyss:1  | Klosterheim the Formicid Abyssal Knight began the quest for the Orb.
     0 | Abyss:1  | Reached XP level 1. HP: 18/18 MP: 2/2
    75 | Abyss:1  | Noticed a small abomination
    80 | D:1      | Escaped the Abyss
   756 | D:1      | Reached * piety under Lugonu
   756 | D:1      | Reached XP level 2. HP: 24/24 MP: 3/3
  1092 | D:1      | Reached XP level 3. HP: 27/29 MP: 4/4
  1510 | D:2      | Reached XP level 4. HP: 34/37 MP: 5/5
  1557 | D:2      | Reached ** piety under Lugonu
  1807 | D:2      | Reached skill level 4 in Fighting
  2000 | D:2      | HP: 1/37 [scorpion (6)]
  2001 | D:2      | Succumbed to a scorpion's poison

Vault maps used:
D:1:      nicolae_arrival_memento_mori
D:2:      nemelex_xobeh_ov_fountains_minmay, serial_forest,
          infiniplex_forest_clump_tiny, infiniplex_forest_3_way,
          infiniplex_forest_clump_tiny, infiniplex_forest_clump_large,
          infiniplex_forest_clump_medium, infiniplex_forest_lined_1,
          infiniplex_forest_diagonal, infiniplex_forest_lined_room_2,
          infiniplex_forest_lined_1, serial_bayou_pond_b, corexii_corridor_pit,
          moated_statue, minivault_19, uniq_terence

Skill      XL: |  1  2  3  4 |
---------------+-------------+-----
Maces & Flails | 3 |  3.4
Fighting       | 4 |  4.0
Armour         | 3 |  3.0
Dodging        | |  0.8
Invocations    | |  2.2

Action                   |  1- 3 |  4- 6 || total
-------------------------+-------+-------++-------
Melee: Mace              |   103 |   167 ||   270
Invok: Depart the Abyss  |     1 |       ||     1
  Use: Potion            |       |     2 ||     2
  Eat: Chunk             |     2 |     2 ||     4
Armor: Leather armour    |    42 |    47 ||    89
Dodge: Dodged            |    74 |    70 ||   144

Table legend:
 A = Spawn XP
 B = Non-spawn XP
 C = Spawn XP percentage of total XP
 D = Spawn monster count
 E = Non-spawn monster count
 F = Spawn count percentage of total count
 G = Total turns spent on level
                    A         B        C        D         E        F      G
               +---------+---------+-------+---------+---------+-------+---------
         Total |       0 |     119 |   0.0 |       0 |      51 |   0.0 |  2001
               +---------+---------+-------+---------+---------+-------+---------
           D:1 |       0 |      42 |   0.0 |       0 |      26 |   0.0 |  1280
           D:2 |       0 |      77 |   0.0 |       0 |      25 |   0.0 |   641
               +---------+---------+-------+---------+---------+-------+---------
